 Dungeon Crawl Stone Soup version 0.23-a0-356-g1757c6e (webtiles) character file.

1427 Cryolive the Geomancer (level 8, -7/43 HPs)
             Began as a Gargoyle Earth Elementalist on Oct 21, 2018.
             Was a Believer of Vehumet.
             Mangled by an orc warrior
             ... wielding a +0 short sword
              (15 damage)
             ... on level 6 of the Dungeon.
             The game lasted 00:41:02 (6547 turns).

Cryolive the Geomancer (GrEE)                       Turns: 6547, Time: 00:41:02

Health: -7/43      AC:  8    Str: 12    XL:     8   Next: 72%
Magic:  18/18      EV: 12    Int: 18    God:    Vehumet [**....]
Gold:   342        SH:  0    Dex: 10    Spells: 19/20 levels left

rFire    . . .     SeeInvis .   D - +1 flail (crush)
rCold    . . .     Gourm    .   (no shield)
rNeg     + . .     Faith    .   c - +0 robe
rPois    ∞         Spirit   .   (no helmet)
rElec    +         Reflect  .   j - +0 cloak (curse)
rCorr    .         Harm     .   (no gloves)
MR       .....                  (no boots)
Stlth    ++........             (no amulet)
HPRegen  0.14/turn              (no ring)
MPRegen  0.16/turn              (no ring)

@: no status effects
A: negative energy resistance 1, electricity resistance, unbreathing,
petrification resistance, rot immunity, AC +5
a: Renounce Religion


You were on level 6 of the Dungeon.
You worshipped Vehumet.
Vehumet was pleased with you.
You were not hungry.

You visited 2 branches of the dungeon, and saw 7 of its levels.

You collected 342 gold pieces.

Inventory:

Hand Weapons
 u - a +4 spear of freezing
 w - a +0 morningstar
 D - a +1 flail of crushing (weapon)
Missiles
 b - 75 stones (quivered)
Armour
 c - a +0 robe (worn)
 j - a cursed +0 cloak (worn)
Magical Staves
 x - an uncursed staff of air {unknown}
Jewellery
 i - a +6 ring of evasion {unknown}
 k - an uncursed ring of protection from cold {unknown}
 q - an uncursed ring of ice {unknown}
 r - a cursed -2 ring of strength {unknown}
Scrolls
 e - 4 scrolls of remove curse {unknown}
 f - a scroll of amnesia {unknown}
 h - 2 scrolls of identify
 l - 3 scrolls of blinking
 o - 3 scrolls of enchant weapon {unknown}
 p - a scroll of enchant armour {unknown}
 s - 2 scrolls of immolation {unknown}
 t - a scroll of random uselessness {unknown}
 v - 2 scrolls of teleportation {unknown}
 y - a scroll of magic mapping {unknown}
 E - a scroll of vulnerability {unknown}
Potions
 a - 2 potions of agility {unknown}
 g - 3 potions of curing
 m - a potion of might {unknown}
 n - a potion of heal wounds {unknown}
 z - a potion of lignification {unknown}
 A - a potion of haste {unknown}
 B - 2 potions of flight {unknown}
 C - a potion of brilliance {unknown}
Comestibles
 d - 2 rations


   Skills:
 - Level 1.5 Fighting
 - Level 1.6 Maces & Flails
 - Level 1.8 Dodging
 - Level 2.4 Stealth
 + Level 6.6 Spellcasting
   Level 0.7 Transmutations
 + Level 9.3 Earth Magic


You had 19 spell levels left.
You knew the following spells:

 Your Spells              Type           Power        Failure   Level  Hunger
a - Sandblast             Erth           #####.       1%          1    None

Your spell library contained the following spells:

 Spells                   Type           Power        Failure   Level  Hunger
 Magic Dart               Conj           #...         11%         1    None
 Passwall                 Tmut/Erth      ###.....     2%          2    None
 Stone Arrow              Conj/Erth      ###...       4%          3    ##.....
 Lee's Rapid Deconstruct  Erth           #####.....   7%          5    #####..
 Beastly Appendage        Tmut           #.....       9%          1    None
 Sticks to Snakes         Tmut           #.......     13%         2    None
 Petrify                  Tmut/Erth      ###.....     14%         4    ####...
 Spider Form              Tmut/Pois      #.........   28%         3    ##.....
 Ice Form                 Ice/Tmut       #.......     67%         4    ####...
 Blade Hands              Tmut           #.........   93%         5    #####..


Dungeon Overview and Level Annotations

Branches:
Dungeon (6/15)             Temple (1/1) D:4

Altars:
Ashenzari
Cheibriados
Dithmenos
Elyvilon
Fedhas
Gozag
Hepliaklqana
Kikubaaqudgha
Makhleb
Nemelex Xobeh
Okawaru
Ru
Sif Muna
Trog
Uskayaw
Vehumet
Wu Jian
Xom
Yredelemnul
Zin
The Shining One

Portals:
Sewer: D:6

Annotations:
D:5 Grinder


Innate Abilities, Weirdness & Mutations

You are resistant to torment.
Your stone body is resilient. (AC +5)
You are immune to poison.
You resist negative energy. (rN+)
You are resistant to electric shocks. (rElec)
You can survive without breathing.
You are immune to petrification.
You are immune to rotting.


Message History

Ye hit tha quokka.
Tha quokka be severely wounded.
Tha quokka closely misses ye.
Tha quokka misses ye.
Ye thump tha quokka!
Ye kill tha quokka!
Vehumet accepts yer kill.
Ye closely miss tha orc warrior.
Tha orc warrior hits ye wit' a +0 short sword.
Ye hit tha orc warrior but do nay damage.
Tha orc warrior hits ye wit' a +0 short sword!
Tha rat barely misses ye.
Tha orc warrior hits ye wit' a +0 short sword!
* * * LOW HITPOINT WARNIN'
* * * Ye hear an angry hiss.
Ye barely miss tha orc warrior.
Tha ball python hisses angrily.
Tha rat bites ye but does nay damage.
A ball python comes inta view.
Tha orc warrior hits ye wit' a +0 short sword!
Ye die...

####### #≈≈≈≈∩# #..
..# ###.≈≈≈≈ ###.#
#.# ...S.≈≈ .$..#
#.# # #.#..≈ ....#
#.# #.#.#rS
....###.####.#.#r#
.......... ...#@#
....###.######.#o#
....'.......>....#
....###.#.##.#.###
....# #.#.##.#...
...o# #.#.##.#.#.#
....# #.#.##.#....#
....o.#.#.##.... .#
.(....#.#.##.#.#..#


You could see an orc warrior, 2 ball pythons and 2 rats.

Vanquished Creatures
  Eustachio (D:5)
  Edmund (D:6)
  A phantom (D:4)
  An ogre (D:6)
  A centaur (D:6)
  A gnoll sergeant (D:4)
  A big kobold (D:5)
  A jelly (D:5)
  3 gnoll shamans (D:4)
  An iguana (D:5)
  4 worker ants
  A hound skeleton (D:5)
  35 gnolls
  6 adders
  4 worms
  An adder skeleton (D:5)
  2 dart slugs (D:1)
  3 leopard geckos
  7 orcs
  2 ball pythons (D:4)
  6 bats
  4 giant cockroaches
  8 goblins
  11 hobgoblins
  21 jackals
  15 kobolds
  5 quokkas
  3 frilled lizards
  A jackal skeleton (D:4)
  6 rats
157 creatures vanquished.

Notes
Turn   | Place    | Note
-------+----------+-------------------------------------------
     0 | D:1      | Cryolive the Gargoyle Earth Elementalist began the quest
                  | for the Orb.
     0 | D:1      | Reached XP level 1. HP: 10/10 MP: 3/3
   154 | D:1      | Reached XP level 2. HP: 9/16 MP: 5/5
   216 | D:1      | Reached skill level 4 in Earth Magic
   744 | D:1      | Reached XP level 3. HP: 8/20 MP: 6/6
   748 | D:1      | Reached skill level 1 in Maces & Flails
  1035 | D:2      | Reached skill level 1 in Fighting
  1614 | D:3      | Reached XP level 4. HP: 25/25 MP: 7/7
  2382 | D:4      | Reached XP level 5. HP: 6/29 MP: 2/9
  2457 | D:4      | Found a staircase to the Ecumenical Temple.
  2472 | D:4      | Noticed a phantom
  2722 | D:4      | Killed a phantom
  2722 | D:4      | Reached skill level 5 in Earth Magic
  2734 | Temple   | Entered the Ecumenical Temple
  2815 | Temple   | Became a worshipper of Vehumet
  3111 | D:4      | Reached XP level 6. HP: 34/34 MP: 9/11
  3236 | D:4      | Reached skill level 6 in Earth Magic
  3921 | D:4      | Reached XP level 7. HP: 8/38 MP: 9/13
  4125 | D:4      | Reached * piety under Vehumet
  4125 | D:4      | Offered knowledge of Shock by Vehumet.
  4228 | D:4      | Reached skill level 7 in Earth Magic
  4322 | D:4      | Reached skill level 5 in Spellcasting
  4901 | D:5      | Entered Level 5 of the Dungeon
  4901 | D:5      | Noticed Grinder
  4902 | D:5      | Paralysed by Grinder for 6 turns
  5127 | D:5      | Reached ** piety under Vehumet
  5127 | D:5      | Offered knowledge of Magic Dart by Vehumet.
  5536 | D:5      | Reached XP level 8. HP: 26/43 MP: 16/16
  5639 | D:5      | Reached skill level 8 in Earth Magic
  5788 | D:5      | Noticed Eustachio
  5800 | D:5      | Killed Eustachio
  6274 | D:6      | Reached skill level 9 in Earth Magic
  6302 | D:6      | Noticed Edmund
  6333 | D:6      | Killed Edmund
  6542 | D:6      | Found a glowing drain.
  6547 | D:6      | Mangled by an orc warrior

Vault maps used:
D:1:      shiori_angband_town, serial_bayou_pond_e
D:3:      kennysheep_generic_room_10
D:4:      lemuel_castle_with_subvaults, temple_statues, minmay_crystal_room
D:5:      cheibrodos_thug_alley, first_ration, uniq_eustachio, uniq_grinder
D:6:      portal_sewer_entry_b, uniq_edmund
Temple:   compressed_dpeg_circular_temple

Skill      XL: |  1  2  3  4  5  6  7  8 |
---------------+-------------------------+-----
Earth Magic    | 4 5 6 7 9 |  9.3
Maces & Flails | 1 |  1.6
Fighting       | 1 |  1.5
Spellcasting   | 3 4 5 6 |  6.6
Dodging        | |  1.8
Stealth        | |  2.4
Transmutations | |  0.7

Action                   |  1- 3 |  4- 6 |  7- 9 || total
-------------------------+-------+-------+-------++-------
Melee: Whip              |    99 |       |       ||    99
       Mace              |    48 |    21 |       ||    69
       Dagger            |       |   147 |     4 ||   151
       Spear             |       |       |    34 ||    34
       Morningstar       |       |       |    81 ||    81
       Flail             |       |       |    17 ||    17
 Cast: Sandblast         |    21 |    40 |    72 ||   133
  Use: Scroll            |       |     1 |     1 ||     2
       Potion            |       |       |     3 ||     3
 Stab: Sleeping          |     1 |     2 |     1 ||     4
  Eat: Chunk             |     2 |     3 |     1 ||     6
       Ration            |       |     2 |     2 ||     4
Armor: Robe              |    75 |    64 |   103 ||   242
Dodge: Dodged            |   119 |   133 |   142 ||   394

Table legend:
 A = Non-vault XP
 B = Vault XP
 C = Vault XP percentage of total XP
 D = Non-vault monster count
 E = Vault monster count
 F = Vault count percentage of total count
                 A         B        C        D         E       F
            +---------+---------+-------+---------+---------+-------
      Total |     837 |    1202 |  59.0 |      91 |      66 |  42.0
            +---------+---------+-------+---------+---------+-------
        D:1 |      41 |       0 |   0.0 |      22 |       0 |   0.0
        D:2 |      39 |       0 |   0.0 |      13 |       0 |   0.0
        D:3 |      49 |      17 |  25.8 |      20 |       2 |   9.1
        D:4 |     203 |     723 |  78.1 |      12 |      53 |  81.5
        D:5 |     242 |     289 |  54.4 |      16 |      10 |  38.5
        D:6 |     263 |     173 |  39.7 |       8 |       1 |  11.1
            +---------+---------+-------+---------+---------+-------
